 Dungeon Crawl Stone Soup version 0.28-a0-1074-g3cb2360906 (webtiles) character file.

Game seed: 548037219288697566

420 GregHouse the Chopper (level 6, -5/56 HPs)
             Began as a Hill Orc Monk on Dec 9, 2021.
             Was a Believer of Beogh.
             Slain by a hornet (9 damage)
             ... on level 4 of the Dungeon.
             The game lasted 00:09:46 (4933 turns).

GregHouse the Chopper (Hill Orc Monk)               Turns: 4933, Time: 00:09:52

Health: -5/56      AC:  9    Str: 16    XL:     6   Next: 94%
Magic:  6/6        EV:  7    Int: 10    God:    Beogh [**....]
Gold:   168        SH:  0    Dex: 13    Spells: 5/5 levels left

rFire   + . .      SeeInvis .   n - +0 battleaxe
rCold   + . .      Faith    .   (shield currently unavailable)
rNeg    . . .      Spirit   .   c - +0 chain mail
rPois   .          Reflect  .   (no helmet)
rElec   .          Harm     .   m - scarf {rC+ rF+}
rCorr   .          Rampage  .   (no gloves)
Will    .....                   (no boots)
Stlth   ..........              (no amulet)
HPRegen 0.18/turn               h - ring of flight
MPRegen 0.10/turn               (no ring)

@: lethally poisoned (-5 -> -11), flying, slowed, very slow
A: no striking features
a: Renounce Religion, Smiting


You were on level 4 of the Dungeon.
You worshipped Beogh.
Beogh was pleased with you.
You visited 1 branch of the dungeon, and saw 4 of its levels.

You collected 168 gold pieces.

Inventory:

Hand Weapons
 b - a +2 dagger of pain
 j - a +0 war axe
 n - a +0 battleaxe (weapon)
Missiles
 f - 2 javelins (quivered)
Armour
 c - a +0 chain mail (worn)
 m - a scarf of resistance (worn)
Jewellery
 h - a ring of flight (left hand)
Scrolls
 a - a scroll of immolation {unknown}
 d - 5 scrolls of identify {unknown}
 e - a scroll of enchant armour {unknown}
 l - a scroll of vulnerability {unknown}
 o - 2 scrolls of teleportation {unknown}
 p - a scroll of brand weapon {unknown}
Potions
 g - a potion of brilliance {unknown}
 i - 3 potions of curing {unknown}
 k - 2 potions of might {unknown}


   Skills:
 + Level 5.0 Fighting
 + Level 7.5 Axes
 + Level 3.2 Armour
 + Level 2.9 Dodging
 + Level 1.8 Stealth


You had 5 spell levels left.
You didn't know any spells.
Your spell library was empty.

Dungeon Overview and Level Annotations

Branches:
Dungeon (4/15)
 Temple: D:4-7

Altars:

Shops:
D:1 [   D:3 [


Message History

a +0 scale mail; a +0 whip
Things that are here:
a +0 scale mail; a +0 whip
Okay, then.
q - a +0 scale mail You drop a +0 scale mail.
Things that are here:
a +0 scale mail; a +0 whip
i - 3 sapphire potions (gained 1)
An adder and a hornet come into view.
Found a scroll labelled SOFIDGH VEACAC.
The hornet buzzes angrily.
The adder hisses angrily.
Your chain mail prevents you from hitting the hornet.
The hornet stings you but does no damage.
The hornet stings you!
You are poisoned.
You suddenly lose the ability to move!
You feel very sick. The hornet stings you.
You are more poisoned.
You feel yourself slow down.
You feel yourself speed up.
You feel very sick.
The hornet stings you but does no damage.
The hornet stings you!
You feel yourself slow down.
You can move again.
You closely miss the hornet.
You feel very sick. The hornet stings you.
* * * LOW HITPOINT WARNING * * *
You feel as though you will be slow longer.
The hornet stings you but does no damage.
Your chain mail prevents you from hitting the hornet.
You feel very sick.
The hornet stings you but does no damage.
The hornet stings you!
* * * LOW HITPOINT WARNING * * *
You feel as though you will be slow longer.
The hornet stings you!
You die...

#.##.# #.##(# .#
## #..[<## . ?.
####..#
#S..#######..#
#.#..........###
#...######.....#
#.. #####.###.#
#..##@....# ...
#..Sy..##.# ##.#
#####.###... #
#.# ###... #.#
..... #.# ####
#.# .#. # #


You could see a hornet and an adder.

Vanquished Creatures
  2 hounds (D:3)
  An orc priest (D:3)
  Jessica (D:2)
  Natasha (twice) (D:3)
  2 orc wizards (D:3)
  A gnoll (D:3)
  8 adders
  A white imp (D:3)
  2 worms (D:2)
  A dart slug (D:3)
  18 orcs
  7 endoplasms
  5 giant cockroaches
  7 goblins
  5 hobgoblins
  10 jackals
  2 quokkas
  7 ball pythons
  5 bats
  3 kobolds
  6 rats (D:1)
96 creatures vanquished.

Vanquished Creatures (others)
  An orc (D:3)
  A bat (D:3)
  4 jackals (D:3)
  2 fungi (D:3)
  2 plants (D:3)
10 creatures vanquished.

Grand Total: 106 creatures vanquished

Notes
Turn   | Place    | Note
-------+----------+-------------------------------------------
     0 | D:1      | GregHouse the Hill Orc Monk began the quest for the Orb.
     0 | D:1      | Reached XP level 1. HP: 19/19 MP: 1/1
   186 | D:1      | Reached XP level 2. HP: 26/26 MP: 2/2
   204 | D:1      | Found Ecreh's Antique Armour Shop.
   742 | D:2      | Reached XP level 3. HP: 27/33 MP: 3/3
   743 | D:2      | Reached skill level 5 in Axes
  1316 | D:2      | Reached XP level 4. HP: 38/40 MP: 4/4
  2288 | D:2      | Noticed Jessica
  2298 | D:2      | Killed Jessica
  2299 | D:2      | Reached skill level 1 in Armour
  2299 | D:2      | Reached XP level 5. HP: 47/47 MP: 5/5
  2428 | D:3      | Reached skill level 6 in Axes
  2784 | D:3      | Found Sashryal's Armour Shop.
  2820 | D:3      | Became a worshipper of Beogh the Brigand
  2820 | D:3      | Reached * piety under Beogh
  2820 | D:3      | Reached ** piety under Beogh
  3350 | D:3      | Noticed Natasha
  3355 | D:3      | Killed Natasha
  3356 | D:3      | Reached XP level 6. HP: 45/53 MP: 6/6
  3488 | D:3      | Reached skill level 7 in Axes
  4737 | D:3      | Found a faded altar of an unknown god.
  4772 | D:3      | Noticed Natasha
  4778 | D:3      | Killed Natasha
  4779 | D:3      | Reached skill level 5 in Fighting
  4926 | D:4      | Noticed a hornet
  4929 | D:4      | Paralysed by a hornet for 3 turns
  4933 | D:4      | Slain by a hornet

Illustrated notes

Levels and vault maps discovered:
D:1:      dpeg_arrival_prison, layout_rooms, serial_shops, shop
D:2:      layout_rooms, minmay_unequal, uniq_jessica
D:3:      layout_loops_cross, shapermc_ecumenical_altar_hornbeckon,
          serial_shops, nicolae_diamond_shop, cheibrodos_gnoll_hut, uniq_natasha
D:4:      layout_loops_ring, gammafunk_temple_overflow_claw

Skill      XL: |  1  2  3  4  5  6 |
---------------+-------------------+-----
Fighting       | 4 5 |  5.0
Axes           | 5 6 7 |  7.5
Armour         | 1 2 3 |  3.2
Dodging        | |  2.9
Stealth        | |  1.8

Action                   |  1- 3 |  4- 6 || total
-------------------------+-------+-------++-------
Melee: Hand axe          |   106 |       ||   106
       War axe           |     3 |   120 ||   123
       Battleaxe         |       |    95 ||    95
Invok: Convert to Beogh  |       |     1 ||     1
  Use: Potion            |       |     1 ||     1
Armor: Chain mail        |    74 |   171 ||   245
       Robe              |     2 |       ||     2
Dodge: Dodged            |    39 |   105 ||   144

Table legend: (Time is in decaauts)
 A = Elapsed time spent in this place.
 B = Non-inter-level travel time spent in this place.
 C = Inter-level travel time spent in this place.
 D = Time resting spent in this place.
 E = Time spent auto-exploring this place.
 F = Levels seen in this place.
 G = Mean time per level.
                   A        B        C        D        E       F      G
               +--------+--------+--------+--------+--------+-----+--------+
         Total |   5011 |   4934 |     77 |   2359 |   1684 |   4 | 1252.8 |
       Dungeon |   5011 |   4934 |     77 |   2359 |   1684 |   4 | 1252.8 |
               +--------+--------+--------+--------+--------+-----+--------+

Top non-repeatable levels by time:
     D:3: 2240 daAuts
     D:2: 1701 daAuts
     D:1: 703 daAuts
     D:4: 366 daAuts
